 Dungeon Crawl Stone Soup version 0.28-a0-265-g048bc9fd10 (webtiles) character file.

Game seed: 10281126848023771689

489 graki42 the Grasshopper (level 7, -6/56 HPs)
             Began as a Gnoll Warper on Aug 27, 2021.
             Mangled by Blork the orc (11 damage)
             ... on level 5 of the Dungeon.
             The game lasted 00:10:47 (5255 turns).

graki42 the Grasshopper (Gnoll Warper)              Turns: 5255, Time: 00:10:47

Health: -6/56      AC:  1    Str: 12    XL:     7   Next: 14%
Magic:  15/15      EV: 13    Int: 12    God:
Gold:   591        SH:  0    Dex: 12    Spells: 15/17 levels left

rFire   + . .      SeeInvis .   q - +1 dagger (venom)
rCold   + . .      Faith    .   (no shield)
rNeg    + . .      Spirit   .   b - +0 leather armour
rPois   +          Reflect  .   a - -2 hat of the Alchemist {rElec rPois rF+ rC+ rN+ Will+ rMut rCorr}
rElec   +          Harm     .   (no cloak)
rCorr   +          Rampage  .   (no gloves)
rMut    +                       (no boots)
Will    +....                   (no amulet)
Stlth   ++........              (no ring)
HPRegen 0.18/turn               (no ring)
MPRegen 0.14/turn

@: mighty
A: fangs 1, strong nose, distributed training
a: no special abilities


You were on level 5 of the Dungeon.
You visited 1 branch of the dungeon, and saw 5 of its levels.

You collected 1204 gold pieces.
You spent 613 gold pieces at shops.

Inventory:

Hand Weapons
 q - a +1 dagger of venom (weapon)
 x - a +0 trident
Missiles
 d - 5 boomerangs of dispersal
 u - 13 poisoned darts (quivered)
Armour
 a - the -2 hat of the Alchemist (worn) {rElec rPois rF+ rC+ rN+ Will+ rMut rCorr}
   (You bought it in a shop on level 4 of the Dungeon)

   rF:        It protects you from fire.
   rC:        It protects you from cold.
   rElec:     It insulates you from electricity.
   rPois:     It protects you from poison.
   rN:        It protects you from negative energy.
   rCorr:     It protects you from acid and corrosion.
   rMut:      It protects you from mutation.
   Will:      It increases your willpower.
 b - a +0 leather armour (worn)
Jewellery
 e - a +6 ring of strength
Wands
 r - a wand of flame (15)
Scrolls
 c - 2 scrolls of blinking
 h - 2 scrolls of enchant armour {unknown}
 k - a scroll of fog {unknown}
 m - 2 scrolls of noise {unknown}
 o - a scroll of magic mapping
 s - a scroll of immolation
 t - a scroll of teleportation
Potions
 f - a potion of mutation {unknown}
 g - 2 potions of might
 i - a potion of lignification {unknown}
 j - a potion of heal wounds {unknown}
 l - 3 potions of attraction {unknown}
 p - a potion of brilliance {unknown}
 v - 2 potions of ambrosia {unknown}
 w - 2 potions of curing {unknown}


   Skills:
 + Level 5.1 Fighting
 + Level 2.3 Short Blades
 + Level 2.3 Long Blades
 + Level 2.3 Axes
 + Level 2.3 Maces & Flails
 + Level 5.1 Polearms
 + Level 2.3 Staves
 + Level 2.3 Slings
 + Level 2.3 Bows
 + Level 2.3 Crossbows
 + Level 3.5 Throwing
 + Level 3.5 Armour
 + Level 5.1 Dodging
 + Level 2.3 Stealth
 + Level 2.3 Shields
 + Level 2.3 Unarmed Combat
 + Level 5.5 Spellcasting
 + Level 1.8 Conjurations
 + Level 1.8 Hexes
 + Level 1.8 Summonings
 + Level 1.8 Necromancy
 + Level 5.8 Translocations
 + Level 1.8 Transmutations
 + Level 1.8 Fire Magic
 + Level 1.8 Ice Magic
 + Level 1.8 Air Magic
 + Level 1.8 Earth Magic
 + Level 1.8 Poison Magic
 + Level 2.5 Invocations
 + Level 2.3 Evocations


You had 15 spell levels left.
You knew the following spells:

 Your Spells              Type           Power      Damage    Failure   Level
a - Blink                 Tloc           N/A        N/A       3%          2

Your spell library contained the following spells:

 Spells                   Type           Power      Damage    Failure   Level
 Gell's Gravitas          Tloc           8%         N/A       7%          3
 Lesser Beckoning         Tloc           8%         N/A       7%          3
 Teleport Other           Tloc           17%        N/A       7%          3
 Manifold Assault         Tloc           17%        N/A       52%         5
 Iskenderun's Battlesphe  Conj           7%         2d6       97%         5
 Iron Shot                Conj/Erth      3%         9d2       100%        6
 Spellforged Servitor     Conj/Summ      3%         N/A       100%        7


Dungeon Overview and Level Annotations

Branches:
Dungeon (5/15)
 Temple: D:4-7

Altars:

Shops:
D:4 [

Annotations:
D:5 Blork the orc


Innate Abilities, Weirdness & Mutations

You have very sharp teeth.
Your uncanny sense of smell can sniff out nearby items.
Your experience applies equally to all skills.


Message History

An adder comes into view.
Found an iron ring.
The adder hisses angrily.
The hound zombie bites you. Blork the orc closely misses you.
You hit Blork the orc.
Blork the orc is lightly wounded.
The hound zombie bites you. Blork the orc barely misses you.
Your leather armour prevents you from hitting Blork the orc.
Blork the orc is lightly wounded.
The hound zombie closely misses you.
You closely miss Blork the orc.
Blork the orc is lightly wounded.
The hound zombie misses you. Blork the orc closely misses you.
You completely miss Blork the orc.
Blork the orc is lightly wounded.
Blork the orc closely misses you. The adder bites you.
Blork the orc casts a spell.
Blork the orc seems to speed up.
The adder bites you.
Blork the orc sings a few bars from the Orcish anthem.
Blork the orc hits you from afar with a +0 glaive!
The adder barely misses you. The hound zombie misses you.
You closely miss the adder. The adder barely misses you. The adder bites you.
You hit the adder.
The adder is moderately wounded.
The adder misses you.
You hit the adder.
The adder is poisoned.
Your bite misses the adder.
The adder is severely wounded.
Blork the orc hits you from afar with a +0 glaive!
* * * LOW HITPOINT WARNING * * *
The adder bites you but does no damage.
You kill the adder!
Blork the orc miscasts a cantrip.
It was a potion of might.
You feel very mighty all of a sudden. Blork the orc barely misses you.
Blork the orc hits you with a +0 glaive!
* * * LOW HITPOINT WARNING * * *
Blork the orc hits you with a +0 glaive!
You die...

## #...# ##..####
#...# ##.)..#
###.##### ####.#
#....># #.# ##....#
#.## #....# #..##
##....# ##..########
#....#######......)..
#.....@oZ............
#...########.........
##### ##........
#......... ∆
...........
#..##........ =..#
#....!... ####
#........ #........


You could see Blork the orc (fast) and a hound zombie.

Vanquished Creatures
  An ogre (D:5)
  An ice beast (D:4)
  A bullfrog (D:4)
  A scorpion (D:4)
  A hound (D:3)
  A hound skeleton (D:3)
  A howler monkey zombie (D:5)
  5 adders
  2 worms
  A dart slug (D:4)
  4 orcs
  8 bats
  8 endoplasms
  A giant cockroach (D:1)
  9 hobgoblins
  9 jackals
  5 quokkas
  4 ball pythons
  5 frilled lizards
  6 goblins
  6 kobolds
  A rat (D:3)
81 creatures vanquished.

Notes
Turn   | Place    | Note
-------+----------+-------------------------------------------
     0 | D:1      | graki42 the Gnoll Warper began the quest for the Orb.
     0 | D:1      | Reached XP level 1. HP: 20/20 MP: 6/6
   272 | D:1      | Reached XP level 2. HP: 26/26 MP: 7/7
   834 | D:1      | Found a faded altar of an unknown god.
   936 | D:1      | Reached XP level 3. HP: 30/31 MP: 9/9
  1236 | D:2      | Reached skill level 5 in Spellcasting
  1344 | D:2      | Reached skill level 1 in Invocations
  1347 | D:2      | Learned a level 2 spell: Blink
  1764 | D:2      | Reached skill level 1 in Short Blades
  1764 | D:2      | Reached skill level 1 in Long Blades
  1764 | D:2      | Reached skill level 1 in Axes
  1764 | D:2      | Reached skill level 1 in Maces & Flails
  1764 | D:2      | Reached skill level 1 in Staves
  1764 | D:2      | Reached skill level 1 in Slings
  1764 | D:2      | Reached skill level 1 in Bows
  1764 | D:2      | Reached skill level 1 in Crossbows
  1764 | D:2      | Reached skill level 1 in Stealth
  1764 | D:2      | Reached skill level 1 in Shields
  1764 | D:2      | Reached skill level 1 in Unarmed Combat
  1764 | D:2      | Reached skill level 1 in Evocations
  2267 | D:2      | Reached XP level 4. HP: 36/38 MP: 11/11
  2841 | D:3      | Reached skill level 1 in Conjurations
  2841 | D:3      | Reached skill level 1 in Hexes
  2841 | D:3      | Reached skill level 1 in Summonings
  2841 | D:3      | Reached skill level 1 in Necromancy
  2841 | D:3      | Reached skill level 1 in Transmutations
  2841 | D:3      | Reached skill level 1 in Fire Magic
  2841 | D:3      | Reached skill level 1 in Ice Magic
  2841 | D:3      | Reached skill level 1 in Air Magic
  2841 | D:3      | Reached skill level 1 in Earth Magic
  2841 | D:3      | Reached skill level 1 in Poison Magic
  3461 | D:3      | Reached XP level 5. HP: 42/43 MP: 12/12
  3881 | D:4      | Found Ypryu's Armour Boutique.
  3931 | D:3      | Reached XP level 6. HP: 20/50 MP: 13/13
  4385 | D:4      | Noticed an ice beast
  4388 | D:4      | Reached skill level 5 in Fighting
  4388 | D:4      | Reached skill level 5 in Polearms
  4388 | D:4      | Reached skill level 5 in Dodging
  4579 | D:4      | Killed an ice beast
  4853 | D:4      | Identified a scroll of acquirement
  4854 | D:4      | Acquired 997 gold pieces
  4866 | D:4      | Bought the -2 hat of the Alchemist {rElec rPois rF+ rC+ rN+
                  | Will+ rMut rCorr} for 613 gold pieces
  4866 | D:4      | Found the -2 hat of the Alchemist {rElec rPois rF+ rC+ rN+
                  | Will+ rMut rCorr}
  4893 | D:5      | Entered Level 5 of the Dungeon
  4893 | D:5      | Noticed a black bear
  4976 | D:5      | Reached XP level 7. HP: 26/56 MP: 15/15
  5234 | D:5      | Noticed Blork the orc
  5255 | D:5      | Mangled by Blork the orc

Illustrated notes

Levels and vault maps discovered:
D:1:      arrival_zaba_pyramid, layout_loops_ring, basic_ecumenical_altar
D:2:      layout_basic
D:3:      layout_basic, minmay_stone_trees_small,
          chequers_serial_rivers_micro_e, chequers_garden, grunt_decor_fettered
D:4:      layout_rooms, serial_shops, nicolae_shop_stone
D:5:      layout_rooms, old_standard_altar, uniq_blork_the_orc

Skill      XL: |  1  2  3  4  5  6 |
---------------+-------------------+-----
Spellcasting   | 5 |  5.5
Invocations    | 1 2 |  2.5
Short Blades   | 1 2 |  2.3
Long Blades    | 1 2 |  2.3
Axes           | 1 2 |  2.3
Maces & Flails | 1 2 |  2.3
Staves         | 1 2 |  2.3
Slings         | 1 2 |  2.3
Bows           | 1 2 |  2.3
Crossbows      | 1 2 |  2.3
Stealth        | 1 2 |  2.3
Shields        | 1 2 |  2.3
Unarmed Combat | 1 2 |  2.3
Evocations     | 1 2 |  2.3
Conjurations   | 1 |  1.8
Hexes          | 1 |  1.8
Summonings     | 1 |  1.8
Necromancy     | 1 |  1.8
Transmutations | 1 |  1.8
Fire Magic     | 1 |  1.8
Ice Magic      | 1 |  1.8
Air Magic      | 1 |  1.8
Earth Magic    | 1 |  1.8
Poison Magic   | 1 |  1.8
Throwing       | 3 |  3.5
Armour         | 3 |  3.5
Fighting       | 5 |  5.1
Polearms       | 5 |  5.1
Dodging        | 5 |  5.1
Translocations | |  5.8

Action                   |  1- 3 |  4- 6 |  7- 9 || total
-------------------------+-------+-------+-------++-------
Melee: Spear             |   174 |       |       ||   174
       Bite              |    12 |    23 |     1 ||    36
       Dagger            |     4 |   197 |     7 ||   208
       Punch             |     1 |     1 |       ||     2
       Trident           |       |       |     8 ||     8
  Use: Scroll            |       |     5 |       ||     5
       Potion            |       |       |     1 ||     1
 Stab: Sleeping          |     1 |       |       ||     1
Armor: Leather armour    |    42 |    62 |     1 ||   105
Dodge: Dodged            |    78 |   160 |    18 ||   256

Table legend: (Time is in decaauts)
 A = Elapsed time spent in this place.
 B = Non-inter-level travel time spent in this place.
 C = Inter-level travel time spent in this place.
 D = Time resting spent in this place.
 E = Time spent auto-exploring this place.
 F = Levels seen in this place.
 G = Mean time per level.
                   A        B        C        D        E       F      G
               +--------+--------+--------+--------+--------+-----+--------+
         Total |   5221 |   5136 |     85 |   1240 |   3064 |   5 | 1044.2 |
       Dungeon |   5221 |   5136 |     85 |   1240 |   3064 |   5 | 1044.2 |
               +--------+--------+--------+--------+--------+-----+--------+

Top non-repeatable levels by time:
     D:3: 1639 daAuts
     D:2: 1302 daAuts
     D:1: 1202 daAuts
     D:4: 915 daAuts
     D:5: 161 daAuts
